 Dungeon Crawl Stone Soup version 0.30.0-30-g96aa6591b8 (webtiles) character file.

Game seed: 13800711835436545906

231 bobo the Magician (level 5, -5/30 HPs)
             Began as a Deep Elf Earth Elementalist on June 20, 2023.
             Slain by a gnoll
             ... wielding a +2 flail of protection
             ... led by a gnoll bouda
              (11 damage)
             ... on level 3 of the Dungeon on June 29, 2023.
             The game lasted 00:06:52 (3146 turns).

bobo the Magician (Deep Elf Earth Elementalist)     Turns: 3146, Time: 00:06:53

Health: -5/30      AC:  2    Str:  5    XL:     5   Next: 72%
Magic:  13/14      EV: 13    Int: 22    God:
Gold:   150        SH:  0    Dex: 21    Spells: 7/13 levels left

rFire   . . .        k - +1 dagger (elec)
rCold   . . .        (no shield)
rNeg    . . .        a - +0 robe
rPois   .            (no helmet)
rElec   .            (no cloak)
rCorr   .            (no gloves)
SInv    .            (no boots)
Will    +....        (no amulet)
Stlth   +++          h - +6 ring of dexterity
HPRegen 0.25/turn    f - ring of willpower
MPRegen 0.14/turn

%: no passive effects
@: no status effects
A: no striking features
a: no special abilities


You were on level 3 of the Dungeon.
You visited 1 branch of the dungeon, and saw 4 of its levels.

You collected 150 gold pieces.

Inventory:

Hand Weapons
 k - a +1 dagger of electrocution (weapon)
Armour
 a - a +0 robe (worn)
Jewellery
 f - a ring of willpower (right hand)
 h - a +6 ring of dexterity (left hand)
Scrolls
 d - a scroll of amnesia {unknown}
 e - 6 scrolls of identify {unknown}
 l - a scroll of acquirement {unknown}
 m - a scroll of vulnerability {unknown}
 n - a scroll of poison {unknown}
 o - 2 scrolls of noise {unknown}
 p - a scroll of fog {unknown}
 q - a scroll of enchant weapon {unknown}
 r - a scroll of brand weapon {unknown}
 t - a scroll of enchant armour {unknown}
Potions
 c - a potion of heal wounds {unknown}
 g - 2 potions of haste {unknown}
 i - 2 potions of curing {unknown}
 j - 3 potions of ambrosia {unknown}
 s - a potion of brilliance {unknown}


   Skills:
 + Level 1.8 Fighting
 - Level 2.8 Dodging
 - Level 3.0 Stealth
 + Level 4.8 Spellcasting
 + Level 2.0 Conjurations
 - Level 1.5 Transmutations
 + Level 4.6 Earth Magic


You had 7 spell levels left.
You knew the following spells:

 Your Spells              Type           Power      Damage    Failure   Level
a - Sandblast             Erth           50%        2d12      1%          1
s - Stone Arrow           Conj/Erth      38%        3d9       8%          3
w - Passwall              Tmut/Erth      15%        N/A       4%          2

Your spell library contained the following spells:

 Spells                   Type           Power      Damage    Failure   Level
 Petrify                  Tmut/Erth      18%        N/A       28%         4


Dungeon Overview and Level Annotations

Branches:
Dungeon (4/15)
 Temple: D:4-7

Altars:
Nemelex Xobeh

Shops:
D:2 (


Message History

Aim: a gnoll bouda, wielding a +0 whip and wearing a +0 robe (heavily wounded, 72% to hit)
The stone arrow hits the gnoll bouda!
You kill the gnoll bouda!
Your Conjurations skill increases to level 2!
You climb upwards.
Your magical contamination has completely faded away.
There is a stone staircase leading down here.
The blast of sand hits the gnoll.
The gnoll is heavily wounded.
Your attacks no longer feel as feeble.
The gnoll closely misses you.
The blast of sand hits the gnoll but does no damage.
The gnoll is heavily wounded.
The gnoll closely misses you. The gnoll misses you.
The blast of sand hits the gnoll.
The gnoll is heavily wounded.
The gnoll hits you with a +2 flail of protection!
You hit the gnoll but do no damage.
The gnoll is heavily wounded.
The gnoll hits you with a +2 flail of protection!
Casting: Sandblast (safe; 1% risk of failure)
Confirm with . or Enter, or press ? or * to list all spells.
Aiming: Sandblast (safe; 1% risk of failure)
Press: ? - help, Shift-Dir - straight line, f/p - gnoll
Aim: a gnoll, wielding a +2 flail of protection (heavily wounded, 85% to hit)
The blast of sand hits the gnoll but does no damage.
The gnoll is heavily wounded.
The gnoll misses you. The gnoll barely misses you.
Magic courses through your body.
The gnoll hits you with a +2 flail of protection.
* * * LOW HITPOINT WARNING * * *
Casting: Sandblast (safe; 1% risk of failure)
Confirm with . or Enter, or press ? or * to list all spells.
Aiming: Sandblast (safe; 1% risk of failure)
Press: ? - help, Shift-Dir - straight line, f/p - gnoll
Aim: a gnoll, wielding a +2 flail of protection (heavily wounded, 85% to hit)
The blast of sand hits the gnoll.
The gnoll is severely wounded.
The gnoll hits you with a +2 flail of protection!
You die...

#......#
###..###.#.##.#.#
#......# ##..##.#.##.#.##
#......# #........#.#..#
#......# #...#.####.##.#
#......# #.....# #.##.#
#......# #..#######.##.#
######## #...#......##.#
#.........###.#
#..@g.........#
#.........######
#..............#
#..........###.#
#..........# #.#
###########..........#
#.#
#(.....).....).......#
#.#
#....................#
#.#
####....................#
#.#


You could see a gnoll.

Vanquished Creatures
  A gnoll bouda (D:4)
  A sleepcap (D:4)
  2 iguanas
  4 adders
  2 gnolls (D:4)
  A worm (D:3)
  A dart slug (D:1)
  2 orcs (D:4)
  6 ball pythons
  8 endoplasms
  A giant cockroach (D:3)
  2 goblins
  7 hobgoblins
  3 jackals (D:4)
  6 kobolds
  5 quokkas
  5 bats
  5 frilled lizards
  3 rats
65 creatures vanquished.

Notes
Turn   | Place    | Note
-------+----------+-------------------------------------------
     0 | D:1      | bobo the Deep Elf Earth Elementalist began the quest for
                  | the Orb.
     0 | D:1      | Reached XP level 1. HP: 10/10 MP: 6/6
   227 | D:1      | Reached XP level 2. HP: 15/15 MP: 2/8
   230 | D:1      | Learned a level 2 spell: Passwall
   704 | D:1      | Reached XP level 3. HP: 19/19 MP: 7/9
   708 | D:1      | Learned a level 3 spell: Stone Arrow
  1236 | D:2      | Found Cogouk's Antique Weapon Shoppe.
  1844 | D:3      | Reached skill level 1 in Fighting
  1844 | D:3      | Reached XP level 4. HP: 25/25 MP: 8/11
  2392 | D:3      | Reached skill level 1 in Conjurations
  2421 | D:3      | Found a faded altar of an unknown god.
  2724 | D:4      | Upgraded the game from 0.30.0-29-ga12c61a403 to
                  | 0.30.0-30-g96aa6591b8
  2782 | D:4      | Found a sparkling altar of Nemelex Xobeh.
  2816 | D:4      | Reached XP level 5. HP: 29/29 MP: 7/13
  3146 | D:3      | Slain by a gnoll

Illustrated notes

Levels and vault maps discovered:
D:1:      minmay_arrival_doors, layout_basic, hangedman_decor_growths
D:2:      layout_basic, serial_shops, nicolae_shop_rolling_square,
          kennysheep_flooded_box
D:3:      layout_basic, hellmonk_ecumenical_altar_prayer_group
D:4:      layout_cave_pools, lemuel_round_altar

Skill      XL: |  1  2  3  4  5 |
---------------+----------------+-----
Stealth        | 3 |  3.0
Fighting       | 1 |  1.8
Earth Magic    | 4 |  4.6
Spellcasting   | 4 |  4.8
Conjurations   | 1 2 |  2.0
Dodging        | |  2.8
Transmutations | |  1.5

Action                     |  1- 3 |  4- 6 || total
---------------------------+-------+-------++-------
  Melee: Dagger            |       |     1 ||     1
   Cast: Sandblast         |    49 |    57 ||   106
         Stone Arrow       |       |     3 ||     3
    Use: Potion            |       |     1 ||     1
 Armour: Robe              |     3 |     3 ||     6
  Dodge: Dodged            |     5 |    28 ||    33
